Map: Tourmaline LE

Players

printf - Winner!

  • Race: Zerg Zerg
  • League: Platinum
  • Spawn Location: 1:00

dant

  • Race: Terran Terran
  • League: Platinum
  • Spawn Location: 7:00

VOD

Have the link to the VOD?

Description

Time

  • Played on: Jan. 16, 2026, 1:38 p.m.
  • Length: 13:40
Show
View Real Time Build Order
Export as new Build Order

printf Zerg - Winner!

Build Orders: Hatch First 

Get SALT Encoding   

  12  0:00  Drone  
  13  0:13  Overlord  
  13  0:20  Drone  
  14  0:31  Drone x2  
  16  0:47  Hatchery  
  15  0:51  Drone  
  15  0:53  Drone  
  17  0:57  Drone  
  18  1:08  Extractor  
  17  1:12  Spawning Pool  
  17  1:15  Drone  
  17  1:19  Drone  
  18  1:29  Drone  
  19  1:39  Drone  
  20  1:50  Overlord  
  20  2:00  Queen x2  
  24  2:01  Zergling x2  
  24  2:02  Zergling x2  
  26  2:11  Drone  
  26  2:12  Drone  
  28  2:24  Drone, Hatchery  
  28  2:26  Drone  
  29  2:33  Drone  
  29  2:34  Drone  
  31  2:46  Metabolic Boost  
  31  2:50  Overlord  
  31  2:56  Drone x3  
  31  2:58  Queen  
  36  3:17  Drone x5  
  41  3:21  Overlord  
  41  3:28  Drone x2  
  43  3:35  Overlord  
  43  3:37  Queen  
  43  3:41  Queen  
  45  3:46  Drone x8  
  55  3:58  Lair  
  55  4:11  Drone x3  
  55  4:12  Drone x8  
  66  4:23  Baneling Nest  
  66  4:24  Drone  
  66  4:29  Hatchery, Overlord  
  65  4:32  Overlord  
  65  4:46  Drone  
  65  4:47  Queen x2, Extractor  
  65  4:48  Drone x3  
  72  4:57  Drone x2  
  72  4:58  Evolution Chamber  
  72  4:59  Evolution Chamber  
  72  5:01  Extractor  
  72  5:02  Extractor  
  72  5:03  Spore Crawler  
  72  5:05  Drone x3, Extractor  
  72  5:06  Extractor, Drone  
  72  5:07  Drone x5  
  73  5:12  Drone, Spore Crawler  
  76  5:15  Spore Crawler  
  76  5:16  Drone  
  76  5:17  Drone x3  
  79  5:31  Drone x3, Overlord  
  79  5:32  Overlord x2  
  82  5:35  Zerg Melee Weapons Level 1  
  82  5:36  Zerg Ground Armor Level 1  
  82  5:39  Centrifugal Hooks  
  82  5:59  Overlord x3  
  82  6:02  Zergling x2  
  82  6:03  Zergling x14  
  90  6:05  Baneling  
  90  6:06  Baneling x3  
  90  6:17  Overseer  
  90  6:21  Zergling x14  
  94  6:52  Zergling x24  
  94  6:53  Zergling x6  
  94  7:08  Drone x4  
  96  7:27  Drone x3  
  96  7:28  Drone x4  
  103  7:30  Overlord x5  
  103  7:36  Hydralisk Den  
  102  7:40  Zerg Melee Weapons Level 2  
  102  7:41  Zerg Ground Armor Level 2  
  102  7:46  Infestation Pit  
  101  7:53  Baneling x17  
  101  7:54  Baneling  
  101  8:09  Hydralisk x11  
  101  8:10  Hydralisk  
  125  8:13  Muscular Augments  
  125  8:16  Queen  
  127  8:27  Overlord x4  
  127  8:48  Zergling x16  
  135  8:56  Hive  
  120  9:17  Grooved Spines  
  119  9:24  Zergling x2  
  119  9:25  Zergling x38  
  119  9:28  Baneling x6  
  119  9:29  Baneling x12  
  139  9:59  Zergling x36  
  133  10:21  Zergling x18  
  122  10:36  Zerg Melee Weapons Level 3  
  122  10:37  Zerg Ground Armor Level 3  
  122  10:41  Ultralisk Cavern  
  116  10:50  Drone  
  116  10:51  Drone x11  
  127  11:19  Spore Crawler, Extractor  
  127  11:20  Extractor, Drone x3  
  127  11:21  Drone x3  
  127  11:22  Drone x3  
  133  11:37  Overlord x7  
  133  11:40  Hatchery, Pneumatized Carapace  
  132  11:49  Adrenal Glands  
  132  11:50  Hatchery  
  132  11:53  Chitinous Plating  
  131  11:57  Ultralisk x11  
  197  12:01  Extractor  
  197  12:02  Baneling  
  197  12:03  Baneling x4  
  197  12:04  Extractor  
  195  12:46  Baneling x6  
  195  12:47  Baneling x7  
Show
View Real Time Build Order
Export as new Build Order

dant Terran 

Build Orders:  

Get SALT Encoding   

  12  0:00  SCV  
  13  0:12  SCV  
  14  0:20  Supply Depot  
  14  0:24  SCV  
  15  0:29  Refinery  
  15  0:42  SCV  
  16  0:46  Barracks  
  16  0:54  SCV  
  17  1:06  SCV  
  18  1:18  SCV  
  19  1:30  SCV  
  20  1:33  Reaper  
  20  1:38  Command Center  
  21  1:48  Orbital Command  
  21  2:00  Barracks  
  21  2:08  Barracks Reactor  
  21  2:11  Supply Depot  
  21  2:17  SCV  
  22  2:24  Factory  
  22  2:33  SCV  
  23  2:40  Supply Depot  
  22  2:46  Marine x2  
  22  2:48  Barracks Tech Lab  
  22  2:49  SCV  
  25  2:53  Orbital Command  
  25  3:01  SCV  
  25  3:04  Marine  
  25  3:05  Marine  
  28  3:08  Marine  
  28  3:10  Stimpack  
  29  3:13  SCV  
  29  3:18  Supply Depot  
  30  3:23  SCV, Marine  
  30  3:25  Marine  
  30  3:26  SCV  
  34  3:30  Refinery  
  34  3:32  Widow Mine  
  34  3:33  Marine  
  37  3:36  SCV  
  38  3:43  Marine x2, Supply Depot  
  38  3:45  SCV  
  41  3:51  SCV, Marine  
  43  4:00  Marine  
  43  4:01  Marine  
  46  4:02  SCV  
  46  4:03  SCV  
  46  4:07  Supply Depot  
  46  4:09  Marine  
  48  4:12  Starport, Factory Reactor  
  48  4:18  Marine  
  48  4:19  Marine  
  48  4:20  SCV x2  
  52  4:27  Marine  
  53  4:32  SCV  
  53  4:33  SCV  
  53  4:36  Marine x2  
  57  4:45  Marine, SCV, Supply Depot  
  59  4:47  SCV  
  59  4:50  Combat Shield  
  59  4:52  Engineering Bay  
  60  4:54  Marine x2  
  62  5:01  SCV  
  62  5:02  SCV, Marine  
  62  5:04  Factory Tech Lab  
  65  5:07  Medivac x2  
  65  5:12  Marine x2, Refinery  
  65  5:13  SCV  
  73  5:14  SCV  
  73  5:20  Command Center  
  73  5:24  Supply Depot x2  
  73  5:25  SCV  
  73  5:26  SCV  
  75  5:30  Barracks  
  75  5:31  Marine x2  
  75  5:33  Marine  
  78  5:40  SCV, Barracks  
  79  5:46  SCV  
  79  5:48  Marine  
  81  5:52  SCV  
  82  5:58  SCV  
  84  6:04  SCV  
  84  6:05  Siege Tank, Marine x2  
  84  6:06  Marine  
  84  6:10  SCV  
  91  6:16  Supply Depot x2, SCV, Terran Infantry Weapons Level 1  
  92  6:20  Barracks Reactor  
  92  6:22  SCV  
  92  6:23  Marine x2  
  95  6:28  SCV  
  96  6:37  Barracks Reactor  
  96  6:38  Siege Tank, Marine  
  100  6:41  Supply Depot, Marine x2  
  91  6:56  Marine  
  91  6:59  Marine x2  
  76  7:17  Siege Tank  
  76  7:18  Marine x6  
  76  7:19  Marine  
  84  7:32  Medivac x2  
  84  7:34  SCV x2  
  84  7:35  Marine  
  84  7:36  Marine x5  
  96  7:43  Refinery  
  96  7:44  Planetary Fortress  
  96  7:46  SCV x2  
  98  7:56  Refinery  
  98  7:57  Refinery  
  98  7:58  SCV x2  
  99  7:59  Siege Tank  
  99  8:00  Marine x7  
  110  8:09  Barracks x2, Concussive Shells  
  110  8:10  SCV x2  
  112  8:16  Terran Infantry Armor Level 1  
  112  8:17  Marine x2  
  112  8:18  Marine  
  115  8:20  Engineering Bay, Medivac  
  115  8:22  SCV x2  
  115  8:23  Marauder  
  115  8:24  Marine x3  
  124  8:31  Siege Tank  
  127  8:34  SCV x2  
  127  8:35  Marine x3  
  132  8:42  Marine x3  
  132  8:44  Marauder  
  132  8:46  SCV  
  132  8:47  SCV  
  132  8:48  Supply Depot  
  139  8:51  Armory  
  139  8:53  Marine x2, Supply Depot  
  141  9:09  Marine x3, Siege Tank, SCV x2  
  149  9:12  Marauder  
  149  9:16  Supply Depot  
  112  9:21  Barracks Tech Lab, SCV  
  112  9:22  Barracks Tech Lab  
  112  9:23  Marine x3  
  106  9:27  Marine x3  
  106  9:29  Medivac x2  
  113  9:34  Marauder  
  115  9:40  Marine  
  115  9:41  Marine x2, Drilling Claws  
  115  9:42  Factory, Siege Tank  
  115  9:45  Marine x3, Marauder x2  
  128  9:54  SCV  
  128  9:55  Marauder  
  128  9:58  Marine x3  
  134  10:06  Marauder  
  138  10:07  Marauder  
  111  10:14  Siege Tank  
  111  10:16  Marauder  
  79  10:21  Marine x3  
  79  10:28  Marauder x2  
  70  10:37  Factory Reactor  
  70  10:38  Marauder, Marine x2  
  70  10:39  Marine x4  
  78  10:47  Siege Tank  
  78  10:49  Marauder  
  83  10:50  Marauder  
  83  10:56  Marine x2  
  82  10:59  Marauder  
  84  11:05  Marine x3  
  84  11:06  Marine  
  84  11:11  Marauder x2  
  90  11:13  Command Center  
  90  11:14  Marine, Widow Mine x2  
  90  11:16  Marine  
  96  11:21  Marauder  
  96  11:23  Marine  
  99  11:29  Medivac  
  99  11:31  SCV  
  99  11:32  Marauder x2  
  106  11:36  Marine x3  
  109  11:43  SCV  
  110  12:05  Supply Depot  
  110  12:06  Supply Depot  
  110  12:24  Marine x6, Medivac x2  
  110  12:25  Widow Mine x2  
  110  12:27  Widow Mine  
  110  12:29  Supply Depot  
  126  12:33  Supply Depot  
  126  12:34  Marauder  
  128  12:43  Marauder x2  
  132  12:45  Marine  
  132  12:46  Widow Mine x2  
  132  12:48  Widow Mine  
  139  12:55  Marauder  
  141  12:59  Marine  
  141  13:00  Marine  
  141  13:05  Marauder x2  
  147  13:12  Marine  
  148  13:14  SCV  
  148  13:16  Marauder  
Tags
 
Add a new tag
Caveats
  • Supply blocks, unpowered buildings, or Contaminate may cause inaccurate times.
  • Supply counts are checked every 10 seconds.